 Dungeon Crawl Stone Soup version 0.28.0-43-g3370ac3207 (webtiles) character file.

Game seed: 13996345464961039595

63 Arcadio the Shooter (level 4, 0/28 HPs)
             Began as a Kobold Hunter on Mar 3, 2022.
             Slain by an orc
             ... wielding a +0 mace
              (3 damage)
             ... on level 2 of the Dungeon.
             The game lasted 00:06:25 (2872 turns).

Arcadio the Shooter (Kobold Hunter)                 Turns: 2872, Time: 00:06:25

Health: 0/28       AC:  3    Str:  9    XL:     4   Next: 30%
Magic:  4/4        EV: 15    Int: 12    God:
Gold:   90         SH:  0    Dex: 17    Spells: 3/3 levels left

rFire   . . .      SeeInvis .   b - +2 dagger (drain)
rCold   . . .      Faith    .   (no shield)
rNeg    . . .      Spirit   .   c - +0 leather armour
rPois   .          Reflect  .   (no helmet)
rElec   .          Harm     .   (no cloak)
rCorr   .          Rampage  .   (no gloves)
Will    .....                   (no boots)
Stlth   +++.......              (no amulet)
HPRegen 0.09/turn               (no ring)
MPRegen 0.09/turn               (no ring)

@: brilliant
A: small, no large weapons, nightstalker 3
a: no special abilities


You were on level 2 of the Dungeon.
You visited 1 branch of the dungeon, and saw 3 of its levels.

You collected 90 gold pieces.

Inventory:

Hand Weapons
 a - a +1 shortbow
 b - a +2 dagger of draining (weapon)
 h - a +0 short sword
Missiles
 d - 56 arrows
 e - 10 poisoned darts (quivered)
Armour
 c - a +0 leather armour (worn)
Scrolls
 f - a scroll of identify {unknown}
 i - 2 scrolls of fear {unknown}
 j - a scroll of immolation {unknown}
 k - 2 scrolls of noise {unknown}
Potions
 g - 2 potions of brilliance


   Skills:
 + Level 3.2 Fighting
 + Level 4.5 Bows
 + Level 3.5 Dodging
 - Level 1.3 Stealth


You had 3 spell levels left.
You didn't know any spells.
Your spell library contained the following spells:

 Spells                   Type           Power      Damage    Failure   Level
 Scorch                   Fire           0%         2d5       56%         2
 Flame Wave               Conj/Fire      0%         2d4       99%         4
 Fulminant Prism          Conj/Hex       0%         3d6       99%         4
 Iskenderun's Mystic Bla  Conj/Tloc      0%         2d3       99%         4
 Lee's Rapid Deconstruct  Erth           0%         3d5*      100%        5
 Summon Cactus Giant      Summ           0%         N/A       100%        6


Dungeon Overview and Level Annotations

Branches:
Dungeon (3/15)

Altars:


Innate Abilities, Weirdness & Mutations

You are small and have problems with some larger weapons.
You are completely attuned to the shadows.


Message History

The jackal is lightly wounded.
The jackal closely misses you.
You closely miss the jackal.
The jackal is lightly wounded.
The jackal closely misses you.
An orc comes into view. It is wielding a +0 hand axe.
The orc shouts!
You hit the jackal. You drain the jackal.
You kill the jackal!
You see here a jackal corpse.
You barely miss the orc. The orc hits you with a +0 hand axe.
An orc comes into view. It is wielding a +0 mace.
You hit the orc.
The orc is lightly wounded.
The orc closely misses you.
An orc comes into view. It is wielding a +0 flail.
You hit the orc but do no damage.
The orc is lightly wounded.
The orc completely misses you.
An orc comes into view. It is wielding a +0 dagger.
An orc comes into view. It is wielding a +0 club.
The orc hits you with a +0 hand axe.
You see here a jackal corpse.
You can't go up here!
The orc hits you with a +0 hand axe.
There is a stone staircase leading up here.
The orc misses you. The orc barely misses you.
The orc hits you with a +0 flail.
* * * LOW HITPOINT WARNING * * *
You climb upwards.
There is a stone staircase leading down here.
The orc misses you. The orc hits you with a +0 hand axe.
* * * LOW HITPOINT WARNING * * *
The orc barely misses you.
It was a potion of brilliance.
You feel clever all of a sudden. The orc closely misses you.
You barely miss the orc. The orc hits you with a +0 mace.
You die...

########## ######### #........#
#.......# #.######.#
#########.#####.# #.# #.#
#.........#####.# #.#
####.###.#####......##.##### #.#
#..............†>........... #.#
#.##.###.###........##.####.
#.###.##.# #.####..........# #.
#.(......# #...@oo..###########.
#####.#### #######.## #..... #.#
#.# #.###. #.# ##'## ##.###. #.#
##...## ##.#.##. #.#### ##.....##
#.###... #.##.##
##.......####.#.###
######.#...####.........####...##
..............')........'.......#


You could see 2 orcs.

Vanquished Creatures
  An adder (D:2)
  2 worms
  An endoplasm (D:2)
  A giant cockroach (D:1)
  5 goblins
  5 hobgoblins
  2 jackals
  6 kobolds
  5 quokkas
  4 ball pythons
  7 bats
  4 frilled lizards
  4 rats
47 creatures vanquished.

Notes
Turn   | Place    | Note
-------+----------+-------------------------------------------
     0 | D:1      | Arcadio the Kobold Hunter began the quest for the Orb.
     0 | D:1      | Reached XP level 1. HP: 12/12 MP: 1/1
   383 | D:1      | Reached XP level 2. HP: 18/18 MP: 2/2
  1336 | D:1      | Reached XP level 3. HP: 20/22 MP: 3/3
  2549 | D:2      | Reached XP level 4. HP: 25/28 MP: 4/4
  2872 | D:2      | Slain by an orc

Illustrated notes

Levels and vault maps discovered:
D:1:      giann_bridges, layout_basic, serial_corexii_hall,
          chequers_hall_statues_y, chequers_hall_statues_corner_a,
          corexii_hall_statues_s, chequers_hall_statues_y,
          corexii_leaking_fountain
D:2:      layout_loops_corners, chequers_mini_garden
D:3:      layout_rooms, kennysheep_slug_shrine, ebering_ghost_reflecting_pool,
          kennysheep_generic_room_8, uniq_grinder

Skill      XL: |  1  2  3 |
---------------+----------+-----
Dodging        | 3 |  3.5
Fighting       | 3 |  3.2
Bows           | |  4.5
Stealth        | |  1.3

Action                   |  1- 3 |  4- 6 || total
-------------------------+-------+-------++-------
Melee: Short sword       |    81 |       ||    81
       Dagger            |    41 |    19 ||    60
 Fire: Shortbow          |     6 |       ||     6
  Use: Potion            |       |     1 ||     1
 Stab: Sleeping          |    14 |     2 ||    16
Armor: Leather armour    |    30 |       ||    30
Dodge: Dodged            |    89 |    22 ||   111
